 Dungeon Crawl Stone Soup version 0.24.0-37-gcf1ca852f1 (webtiles) character file.

Game seed: 8123099897127290835, levelgen mode: deterministic

1038 Gremour the Skirmisher (level 8, 0/74 HPs)
             Began as a Purple Draconian Monk on Dec 5, 2019.
             Was a Believer of the Shining One.
             Killed by divine providence
             ... invoked by an orc priest
              (11 damage)
             ... on level 5 of the Dungeon.
             The game lasted 00:24:13 (5132 turns).

Gremour the Skirmisher (Purple Draconian Monk)      Turns: 5132, Time: 00:24:13

Health: 0/74       AC:  7    Str: 13    XL:     8   Next: 4%
Magic:  5/8        EV: 15    Int: 12    God:    the Shining One [**....]
Gold:   315        SH:  6    Dex: 15    Spells: 7/7 levels left

rFire    + + .     SeeInvis .   b - +0 great sword
rCold    + . .     Gourm    .   (shield currently unavailable)
rNeg     + . .     Faith    .   (armour unavailable)
rPois    +         Spirit   .   (helmet restricted)
rElec    +         Reflect  .   (no cloak)
rCorr    +         Harm     .   (no gloves)
MR       +....                  d - +0 pair of boots
Stlth    +.........             (no amulet)
HPRegen  0.22/turn              v - ring of protection from fire
MPRegen  0.11/turn              (no ring)

@: divine shield, short of breath, resistant, glowing
A: breathe power, unfitting armour, horns 1, stinger 1, camouflage 1, poison
resistance, wild magic 1, cold-blooded, AC +6
a: Breathe Dispelling Energy, Divine Shield, Renounce Religion


You were on level 5 of the Dungeon.
You worshipped the Shining One.
The Shining One was pleased with you.
You were not hungry.

You visited 2 branches of the dungeon, and saw 6 of its levels.

You collected 315 gold pieces.

Inventory:

Hand Weapons
 a - a +0 scimitar
 b - a +0 great sword (weapon)
 f - a +0 falchion
Missiles
 g - 8 silver boomerangs (quivered)
Armour
 d - a +0 pair of boots (worn)
Jewellery
 v - a ring of protection from fire (left hand)
Scrolls
 c - a scroll of enchant armour
 e - 3 scrolls of teleportation {unknown}
 h - a scroll of blinking {unknown}
 i - a scroll of immolation {unknown}
 j - a scroll of fear {unknown}
 k - 3 scrolls of identify
 m - 3 scrolls of remove curse {unknown}
 r - a scroll of noise {unknown}
Potions
 l - a potion of might {unknown}
 n - 2 potions of agility {unknown}
 q - a potion of resistance
 s - a potion of brilliance
 t - 2 potions of heal wounds {unknown}
Comestibles
 u - 9 rations


   Skills:
 * Level 7.6 Fighting
 * Level 5.8 Long Blades
 + Level 5.1 Dodging
 - Level 1.7 Stealth


You had 7 spell levels left.
You didn't know any spells.
Your spell library was empty.

Dungeon Overview and Level Annotations

Branches:
Dungeon (5/15)             Temple (1/1) D:5

Altars:
Ashenzari
Cheibriados
Dithmenos
Elyvilon
Fedhas
Gozag
Hepliaklqana
Kikubaaqudgha
Makhleb
Okawaru
Qazlal
Ru
Sif Muna
Trog
Uskayaw
Vehumet
Xom
Yredelemnul
Zin
The Shining One

Shops:
D:5 ::*:


Innate Abilities, Weirdness & Mutations

You can breathe bolts of dispelling energy.
Your rich purple scales are hard. (AC +6)
You cannot fit into any form of body armour.
You are cold-blooded and may be slowed by cold attacks.
You have a pair of small horns on your head.
Your tail ends in a poisonous barb.
Your skin changes colour to match your surroundings (Stealth+).
Your system is resistant to poisons. (rPois)
Your spells are a little harder to cast, but a little more powerful.


Message History

The orc priest looks braver for a moment.
A divine shield forms around you!
You feel slightly more hungry.
The orc wizard hits you but does no damage.
The orc priest calls upon Beogh to heal the orc wizard.
The orc wizard's wounds heal themselves!
The orc priest casts a cantrip, but nothing happens.
The orc wizard hits you but does no damage.
The orc hits you but does no damage.
The orc priest mumbles some strange prayers to Beogh against you.
Beogh smites you!
* * * LOW HITPOINT WARNING * * *
The orc wizard hits you but does no damage.
You feel better. The orc wizard barely misses you.
The orc priest looks satisfied for a moment.
It was a potion of resistance.
You feel protected. The orc wizard closely misses you.
The orc priest invokes the aid of Beogh against you.
Beogh smites you!
You die...

.. .#.## ....∩.. ....#.#.#
#........##
#############..........
...#######..o...................
.........).....o.........b...._.
....)###)#...oo@................
.#..o #......................(.
.#.o.# ##†......................
......###.(.....................
.....o..................>.......
................................
.####...........................
#............................
#...###......................


You could see 2 orc priests, an orc wizard and an orc.

Vanquished Creatures
  A sky beast (D:5)
  2 phantoms
  A centaur (D:5)
  2 scorpions (D:5)
  A howler monkey (D:4)
  2 centaur skeletons
  2 jellies (D:5)
  2 orc priests
  A human zombie (D:2)
  A hound (D:4)
  Terence (D:1)
  An iguana (D:4)
  A worker ant (D:4)
  A killer bee zombie (D:5)
  A worker ant zombie (D:5)
  6 adders
  3 oozes
  An adder zombie (D:5)
  An adder skeleton (D:4)
  2 worms (D:3)
  5 dart slugs
  3 leopard geckos
  8 orcs
  4 giant cockroaches
  13 goblins
  10 hobgoblins
  5 jackals
  8 kobolds
  5 quokkas
  2 ball pythons
  7 bats
  4 frilled lizards
  A jackal skeleton (D:4)
  A leopard gecko skeleton (D:5)
  A quokka skeleton (D:4)
  10 rats
120 creatures vanquished.

Vanquished Creatures (others)
  An orc wizard (D:3)
1 creature vanquished.

Grand Total: 121 creatures vanquished

Notes
Turn   | Place    | Note
-------+----------+-------------------------------------------
     0 | D:1      | Gremour the Draconian Monk began the quest for the Orb.
     0 | D:1      | Reached XP level 1. HP: 19/19 MP: 1/1
   215 | D:1      | Reached XP level 2. HP: 23/27 MP: 2/2
   428 | D:1      | Reached skill level 4 in Fighting
   686 | D:1      | Reached XP level 3. HP: 33/33 MP: 3/3
  1046 | D:2      | Noticed Terence
  1429 | D:2      | Reached XP level 4. HP: 38/41 MP: 4/4
  1468 | D:2      | Found a runed translucent door.
  1468 | D:2      | Noticed a human
  1469 | D:2      | Found a basalt altar of Yredelemnul.
  1508 | D:2      | Reached skill level 5 in Fighting
  2315 | D:3      | Reached XP level 5. HP: 38/49 MP: 5/5
  2485 | D:3      | Reached skill level 6 in Fighting
  3146 | D:4      | Found a hide-covered altar of Uskayaw.
  3154 | D:4      | Reached XP level 6. HP: 57/57 MP: 6/6
  3161 | D:4      | Found a basalt altar of Yredelemnul.
  3161 | D:4      | Found a blossoming altar of Fedhas.
  3162 | D:4      | Found a bloodstained altar of Trog.
  3211 | D:4      | Gained mutation: Your skin changes colour to match your
                  | surroundings (Stealth+). [potion of mutation]
  3211 | D:4      | Gained mutation: Your flesh is cold resistant. (rC+)
                  | [potion of mutation]
  3211 | D:4      | Gained mutation: You are agile. (Dex +2) [potion of
                  | mutation]
  3528 | D:4      | Lost mutation: You are agile. (Dex +2) [potion of mutation]
  3528 | D:4      | Lost mutation: Your flesh is cold resistant. (rC+) [potion
                  | of mutation]
  3528 | D:4      | Gained mutation: Your system is resistant to poisons.
                  | (rPois) [potion of mutation]
  3528 | D:4      | Gained mutation: Your tail ends in a poisonous barb.
                  | [potion of mutation]
  3528 | D:4      | Gained mutation: You have a pair of small horns on your
                  | head. [potion of mutation]
  3528 | D:4      | Gained mutation: Your spells are a little harder to cast,
                  | but a little more powerful. [potion of mutation]
  3906 | D:4      | Reached skill level 7 in Fighting
  4589 | D:1      | Killed Terence
  4589 | D:1      | Your scales start taking on a rich purple colour.
  4589 | D:1      | Reached XP level 7. HP: 66/66 MP: 7/7
  4658 | D:5      | Entered Level 5 of the Dungeon
  4746 | D:5      | Found Zekagag's Book Shoppe.
  4746 | D:5      | Found a blossoming altar of Fedhas.
  4747 | D:5      | Reached skill level 5 in Dodging
  4783 | D:5      | Found a staircase to the Ecumenical Temple.
  4783 | D:5      | Found Qieggejo's Book Shop.
  4792 | D:5      | Found Helept's Book Shoppe.
  4798 | D:5      | Found Tehusm's General Store.
  4833 | D:5      | Reached skill level 5 in Long Blades
  4901 | Temple   | Entered the Ecumenical Temple
  4942 | Temple   | Became a worshipper of the Shining One
  4942 | Temple   | Reached * piety under the Shining One
  4942 | Temple   | Reached ** piety under the Shining One
  5107 | D:5      | Reached XP level 8. HP: 69/73 MP: 8/8
  5130 | D:5      | HP: 2/74 [orc priest/divine providence (10)]
  5132 | D:5      | Killed from afar by an orc priest

Levels and vault maps discovered:
D:1:      saegor_arrival_simple_b, layout_basic, st_stairs_13,
          minmay_misc_feat_nine_boxes, chequers_big_river
D:2:      layout_loops_ring, first_ration, dk_yredelemnul_ordeal, uniq_terence
D:3:      layout_loops_ring
D:4:      layout_loops_corners, chequers_temple_overflow_statue_of_worship
D:5:      layout_basic, minmay_temple_entry_butterflies, serial_shops, shop,
          shop, shop, nicolae_shop_crystal, basic_altar
Temple:   nicolae_temple_elliptical

Skill      XL: |  1  2  3  4  5  6  7 |
---------------+----------------------+-----
Dodging        | 3 4 5 |  5.1
Fighting       | 4 5 6 7 |  7.6
Long Blades    | 5 |  5.8
Stealth        | |  1.7

Action                   |  1- 3 |  4- 6 |  7- 9 || total
-------------------------+-------+-------+-------++-------
Melee: Falchion          |   118 |   206 |       ||   324
       Tailslap          |    17 |    31 |     7 ||    55
       Great sword       |       |    18 |    58 ||    76
       Headbutt          |       |     7 |    12 ||    19
       Scimitar          |       |     4 |       ||     4
Invok: Divine Shield     |       |       |     1 ||     1
 Abil: Breathe Dispellin |       |       |     1 ||     1
  Use: Potion            |     6 |     3 |     4 ||    13
       Scroll            |       |     1 |       ||     1
 Stab: Sleeping          |     2 |     7 |     4 ||    13
  Eat: Chunk             |     2 |     3 |       ||     5
       Ration            |       |     3 |       ||     3
Armor: Skin              |    38 |    68 |    24 ||   130
Dodge: Dodged            |    97 |   159 |    67 ||   323
       Rpst.: Falchion   |    22 |    47 |       ||    69
       Great sword       |       |     6 |    20 ||    26
